 Dungeon Crawl Stone Soup version 0.26-a0-597-gb535b0901c (webtiles) character file.

Game seed: 7394865759781309103

72 jt the Magician (level 4, -4/27 HPs)
             Began as an Octopode Hedge Wizard on Aug 29, 2020.
             Killed from afar by an orc wizard (9 damage)
             ... with a puff of frost
             ... on level 2 of the Dungeon.
             The game lasted 00:06:41 (2954 turns).

jt the Magician (Octopode Hedge Wizard)             Turns: 2954, Time: 00:06:42

Health: -4/27      AC:  1    Str:  9    XL:     4   Next: 25%
Magic:  2/9        EV: 13    Int: 17    God:
Gold:   101        SH:  0    Dex: 11    Spells: 5/10 levels left

rFire    . . .     SeeInvis .   d - +1 hand axe (drain)
rCold    . . .     Faith    .   (no shield)
rNeg     . . .     Spirit   .   b - +0 hat
rPois    .         Reflect  .   (no amulet)
rElec    .         Harm     .   (no ring)
rCorr    .                      (no ring)
MR       .....                  (no ring)
Stlth    +++.......             (no ring)
HPRegen  0.09/turn              (no ring)
MPRegen  0.11/turn              (no ring)
                                (no ring)
                                (no ring)

@: very slightly contaminated
A: almost no armour, stealthy swim, amphibious, 8 rings, constrict 8, camouflage
1, gelatinous body 1
a: no special abilities


You were on level 2 of the Dungeon.
You visited 1 branch of the dungeon, and saw 3 of its levels.

You collected 101 gold pieces.

Inventory:

Hand Weapons
 a - a +0 dagger
 d - a +1 hand axe of draining (weapon)
 k - a +0 hand axe
 o - a +0 spear
 p - a +0 short sword
 s - a +0 flail of holy wrath
 v - a +0 hunting sling
Missiles
 f - 40 stones (quivered)
 j - a throwing net
 l - 30 bolts
 m - 35 arrows
Armour
 b - a +0 hat (worn)
Scrolls
 c - a scroll of magic mapping
 g - a scroll of noise {unknown}
 h - a scroll of teleportation
 i - 3 scrolls of enchant weapon {unknown}
 n - 2 scrolls of identify
Potions
 e - a potion of stabbing
 u - a potion of heal wounds {unknown}


   Skills:
 - Level 2.0 Dodging
 - Level 2.6 Stealth
 + Level 3.9 Spellcasting
 + Level 2.8 Conjurations
 + Level 1.0 Summonings
 - Level 1.0 Translocations


You had 5 spell levels left.
You knew the following spells:

 Your Spells              Type           Power        Failure   Level
a - Magic Dart            Conj           ##..         4%          1
b - Blink                 Tloc           N/A          16%         2
c - Call Imp              Summ           #.......     16%         2

Your spell library contained the following spells:

 Spells                   Type           Power        Failure   Level
 Slow                     Hex            #.......     24%         2
 Conjure Flame            Conj/Fire      #.......     26%         3
 Mephitic Cloud           Conj/Pois/Air  #.......     32%         3


Dungeon Overview and Level Annotations

Branches:
Dungeon (3/15)

Altars:
Kikubaaqudgha


Innate Abilities, Weirdness & Mutations

You cannot wear most types of armour.
You are very stealthy in the water. (Stealth+)
You are amphibious.
You can wear up to eight rings at the same time.
You can use your tentacles to constrict eight enemies at once.
Your skin changes colour to match your surroundings (Stealth+).
Your rubbery body absorbs attacks. (AC +1, EV +1)


Message History

An orc wizard is nearby!
Casting: Call Imp (safe; 16% risk of failure)
Confirm with . or Enter, or press ? or * to list all spells.
A beastly little devil appears in a puff of frigid air.
The orc wizard shouts!
You hear a shout!
Casting: Call Imp (safe; 16% risk of failure)
Confirm with . or Enter, or press ? or * to list all spells.
A beastly little devil appears in a puff of flame.
Your crimson imp says, "Let's cause destruction!"
Casting: Call Imp (safe; 16% risk of failure)
Confirm with . or Enter, or press ? or * to list all spells.
You miscast Call Imp.
You are very lightly contaminated with residual magic.
Nothing appears to happen.
The orc wizard gestures at you while chanting.
The magic dart hits you!
* * * LOW HITPOINT WARNING * * *
The orc wizard casts a spell at you. The puff of frost hits you!
You die...

###.###.###########
....###.#.........# ####
.#........#######.# #...
.#........#######.# #.##
##................# #.#
#.#..........##..#### #<#
#.##.##..###.##.....# #.#
#.##.##..###.##.....# #.#
#...)..........@....# #.#
####'###.######.55..# #.# #
##.).##.######.....# #.#
###.....#......o.#.### ##.#
##.......####..)o....### ##..#
#.........#....≈≈≈.⌠...#####...##
'.........'..≈≈≈≈≈≈..#...........
#.........##..≈≈≈≈≈.##..####...##
##.......###..≈≈≈≈..##..# ##.##


You could see 2 orc wizards, a friendly crimson imp (summoned) and a friendly
white imp (summoned).

Vanquished Creatures
  An adder (D:2)
  A worm (D:2)
  A dart slug (D:2)
  2 leopard geckos
  An orc (D:2)
  7 bats
  3 goblins
  4 hobgoblins
  A ball python (D:2)
  3 frilled lizards
  4 kobolds
  2 rats
30 creatures vanquished.

Vanquished Creatures (collateral kills)
  Terence (D:2)
  An adder (D:2)
  2 worms (D:2)
  An orc (D:2)
  A ball python (D:2)
  A rat (D:2)
7 creatures vanquished.

Grand Total: 37 creatures vanquished

Notes
Turn   | Place    | Note
-------+----------+-------------------------------------------
     0 | D:1      | jt the Octopode Hedge Wizard began the quest for the Orb.
     0 | D:1      | Reached XP level 1. HP: 11/11 MP: 4/4
   469 | D:1      | Reached XP level 2. HP: 17/17 MP: 4/6
   614 | D:1      | Learned a level 2 spell: Blink
   617 | D:1      | Learned a level 2 spell: Call Imp
  1300 | D:2      | Noticed Terence
  1314 | D:2      | Killed Terence
  1314 | D:2      | Reached XP level 3. HP: 12/21 MP: 0/8
  1878 | D:2      | Found an ancient bone altar of Kikubaaqudgha.
  2091 | D:2      | Reached XP level 4. HP: 16/27 MP: 4/9
  2954 | D:2      | Killed from afar by an orc wizard

Illustrated notes

Levels and vault maps discovered:
D:1:      dpeg_arrival_tiny_g, layout_loops_ring
D:2:      layout_loops_corners, kiku_gazebo_pond_becter, uniq_terence
D:3:      layout_rooms, old_standard_altar, portal_sewer_entry_a

Skill      XL: |  1  2 |
---------------+-------+-----
Conjurations   | 2 |  2.8
Dodging        | |  2.0
Stealth        | |  2.6
Spellcasting   | |  3.9
Summonings     | |  1.0
Translocations | |  1.0

Action                   |  1- 3 |  4- 6 || total
-------------------------+-------+-------++-------
Melee: Dagger            |    39 |    14 ||    53
       Constrict         |     8 |     3 ||    11
       Tentacles         |     6 |     3 ||     9
 Fire: Hunting sling     |       |     7 ||     7
 Cast: Magic Dart        |    16 |     9 ||    25
       Call Imp          |     9 |    10 ||    19
  Use: Scroll            |       |     5 ||     5
       Potion            |       |     1 ||     1
 Stab: Sleeping          |    11 |     1 ||    12
Armor: Skin              |     4 |     4 ||     8
Dodge: Dodged            |    24 |    15 ||    39

Table legend: (Time is in decaauts)
 A = Elapsed time spent in this place.
 B = Non-inter-level travel time spent in this place.
 C = Inter-level travel time spent in this place.
 D = Time resting spent in this place.
 E = Time spent auto-exploring this place.
 F = Levels seen in this place.
 G = Mean time per level.
                   A        B        C        D        E       F      G
               +--------+--------+--------+--------+--------+-----+--------+
         Total |   2954 |   2857 |     97 |   1139 |   1176 |   3 |  984.7 |
       Dungeon |   2954 |   2857 |     97 |   1139 |   1176 |   3 |  984.7 |
               +--------+--------+--------+--------+--------+-----+--------+

Top non-repeatable levels by time:
     D:2: 1888 daAuts
     D:1: 1049 daAuts
     D:3: 17 daAuts
